 Dungeon Crawl Stone Soup version 0.32-a0-135-g14f8b2e1af (webtiles) character file.

Game seed: 4186859260931002866

84021 Flugkiller the Thaumaturge (level 15, -8/115 HPs)
             Began as a Mummy Wanderer on Feb 10, 2024.
             Was the Champion of Makhleb.
             Shot with a bolt by a yaktaur (10 damage)
             ... on level 14 of the Dungeon on Feb 11, 2024.
             The game lasted 00:55:09 (24149 turns).

Flugkiller the Thaumaturge (Mummy Wanderer)        Turns: 24149, Time: 00:55:10

Health: -8/115     AC: 24    Str: 19    XL:     15   Next: 34%
Magic:  11/32      EV: 10    Int: 17    God:    Makhleb [******]
Gold:   1612       SH:  0    Dex: 12    Spells: 20/41 levels left

rFire   + . .        B - +4 war axe "Huoball" {venom, rF++ Dex+2}
rCold   + . .        (no shield)
rNeg    + + +        F - +0 acid dragon scales
rPois   ∞            v - +1 hat
rElec   .            y - +0 cloak
rCorr   +            L - +2 pair of gloves
SInv    +            n - +2 pair of boots
Will    +....        k - amulet of regeneration
Stlth   +            i - ring of see invisible
HPRegen 1.19/turn    H - ring of the Tortoise {AC+8}
MPRegen 0.23/turn

%: faith
@: about to teleport
A: cold resistance 1, negative energy resistance 3, torment resistance 2, heat
vulnerability 1, in touch with death 2, no potions, faith
a: Renounce Religion, Minor Destruction, Lesser Servant of Makhleb, Major
Destruction, Greater Servant of Makhleb


You were on level 14 of the Dungeon.
You worshipped Makhleb.
Makhleb was exalted by your worship.
You visited 2 branches of the dungeon, and saw 19 of its levels.

You collected 1612 gold pieces.

Inventory:

Hand Weapons
 h - a +1 dagger of venom
   (You found it on level 2 of the Dungeon)
 B - the +4 war axe "Huoball" (weapon) {venom, rF++ Dex+2}
   (You found it on level 2 of the Lair of Beasts)

   Dex+2:     It affects your dexterity (+2).
   rF++:      It greatly protects you from fire.
 C - a +2 spear of flaming
   (You took it off a gnoll on level 9 of the Dungeon)
 E - a +6 trident of freezing
   (You took it off a wight on level 9 of the Dungeon)
 G - a +5 war axe
   (You took it off a wight on level 9 of the Dungeon)
Missiles
 O - 4 curare-tipped darts
Armour
 j - an orb of light
   (You found it on level 3 of the Dungeon)
 n - a +2 pair of boots (worn)
   (You found it on level 5 of the Dungeon)
 p - a +0 buckler
   (You found it on level 5 of the Dungeon)
 s - a +0 kite shield
   (You found it on level 6 of the Dungeon)
 v - a +1 hat (worn)
   (You took it off Gastronok on level 2 of the Lair of Beasts)
 x - an orb of guile
   (You took it off a gnoll on level 7 of the Dungeon)
 y - a +0 cloak (worn)
   (You found it on level 7 of the Dungeon)
 F - +0 acid dragon scales (worn)
   (You found it on level 10 of the Dungeon)
 J - +0 fire dragon scales
   (You found it on level 9 of the Dungeon)
 L - a +2 pair of gloves (worn)
   (You found it on level 11 of the Dungeon)
 M - a +1 robe of willpower
   (You took it off an orc wizard on level 10 of the Dungeon)
Magical Staves
 D - the staff "Omelette" {rF+ Will+ Earth}
   (You found it on level 5 of the Lair of Beasts)

   [staff of earth]

   Base accuracy: +5 Base damage: 5 Base attack delay: 1.2 This weapon's minimum
   attack delay (0.6) is reached at skill level 12.
   rF+:       It protects you from fire.
   Will+:     It increases your willpower.
   Earth:     It increases the power of your Earth spells.
   It falls into the 'Staves' category.
   It is a one-handed weapon.
Jewellery
 d - a +6 ring of intelligence
   (You found it on level 11 of the Dungeon)
 i - a ring of see invisible (left hand)
   (You took it off a gnoll sergeant on level 9 of the Dungeon)
 k - an amulet of regeneration (around neck)
   (You found it on level 3 of the Dungeon)
 m - a ring of willpower
   (You found it on level 11 of the Dungeon)
 H - the ring of the Tortoise (right hand) {AC+8}
   (You took it off a hell knight on level 9 of the Dungeon)

   [ring of protection]

   AC+8:      It affects your AC (+8).
 K - a +6 ring of dexterity
   (You found it on level 11 of the Dungeon)
Wands
 o - a wand of paralysis (23)
   (You found it on level 5 of the Dungeon)
 q - a wand of iceblast (38)
   (You found it on level 6 of the Dungeon)
 u - a wand of digging (3)
   (You found it on level 3 of the Lair of Beasts)
 w - a wand of mindburst (5)
   (You found it on level 5 of the Lair of Beasts)
Scrolls
 a - a scroll of torment
 b - 3 scrolls of amnesia
 c - a scroll of fear
 e - 8 scrolls of fog
 f - 4 scrolls of vulnerability
 g - a scroll of brand weapon
 l - 2 scrolls of silence
 r - 10 scrolls of identify
 t - 4 scrolls of teleportation
 z - a scroll of blinking
 A - 3 scrolls of poison
 I - 4 scrolls of revelation
 N - 2 scrolls of enchant armour
 P - 4 scrolls of enchant weapon


   Skills:
 - Level 10.0 Fighting
 - Level 6.0 Polearms
 - Level 6.0 Armour
 - Level 2.0 Stealth
 - Level 2.4 Unarmed Combat
 + Level 13.9 Spellcasting
 + Level 6.0 Conjurations
 - Level 13.0 Summonings
 - Level 1.0 Ice Magic
 - Level 2.0 Air Magic
 - Level 12.0 Invocations


You had 20 spell levels left.
You knew the following spells:

 Your Spells              Type           Power      Damage    Failure   Level
a - Summon Small Mammal   Summ           100%       N/A       1%          1
b - Summon Ice Beast      Ice/Summ       35%        N/A       1%          3
c - Summon Lightning Spi  Summ/Air       37%        N/A       3%          4
d - Summon Cactus Giant   Summ           27%        N/A       5%          6
e - Spellforged Servitor  Conj/Summ      22%        N/A       77%         7

Your spell library contained the following spells:

 Spells                   Type           Power      Damage    Failure   Level
 Kiss of Death            Conj/Necr      100%       2d13      1%          1
 Magic Dart               Conj           100%       1d8       1%          1
 Sting                    Conj/Alch      88%        1d8       1%          1
 Call Imp                 Summ           100%       N/A       1%          2
 Momentum Strike          Conj/Tloc      44%        3d9       3%          2
 Mercury Vapours          Alch/Air       30%        N/A       8%          2
 Blink                    Tloc           22%        N/A       11%         2
 Lesser Beckoning         Tloc           22%        N/A       11%         2
 Scorch                   Fire           22%        2d5       11%         2
 Iskenderun's Battlesphe  Conj           32%        2d8       17%         5
 Flame Wave               Conj/Fire      22%        2d8       21%         4
 Confusing Touch          Hex            11%        N/A       22%         3
 Gell's Gravitas          Tloc           11%        N/A       22%         3
 Inner Flame              Hex/Fire       11%        N/A       22%         3
 Teleport Other           Tloc           11%        N/A       22%         3
 Dispel Undead            Necr           26%        3d13      58%         4
 Olgreb's Toxic Radiance  Alch           11%        N/A       58%         4
 Sticky Flame             Fire/Alch      11%        2d5       58%         4
 Bombard                  Conj/Erth      11%        9d3       97%         6
 Dispersal                Tloc           5%         N/A       100%        6
 Plasma Beam              Fire/Air       7%         2x1d18    100%        6


Dungeon Overview and Level Annotations

Branches:
Dungeon (14/15) Zot: 26575  Temple (0/1) D:5            Lair (5/5) D:10 Zot: 21938
 Shoals (0/4) Lair:2        Snake (0/4) Lair:3        Slime (0/5) Lair:5
    Orc (0/2) D:11         Vaults (0/5) D:14

Altars:
Ashenzari
Cheibriados
Dithmenos
Makhleb
Okawaru
Qazlal
Sif Muna
Trog
Uskayaw
Wu Jian
Xom
Yredelemnul
Ignis

Shops:
D:6 !   D:13 *?*

Annotations:
D:3 1 runed translucent door, Crazy Yiuf
Lair:5 exclusion: oklob plant


Innate Abilities, Weirdness & Mutations

You are immune to poison.
Your flesh is cold resistant. (rC+)
You are immune to negative energy. (rN+++)
You are immune to unholy pain and torment.
You are vulnerable to heat. (rF-)
You are strongly in touch with the powers of death.
You do not drink.
You have a special connection with the divine. (Faith)


Message History

Aiming: Minor Destruction (0% risk of failure)
Press: ? - help, Shift-Dir - straight line, f - you
Okay, then.
Unknown command.
A troll comes into view.
The centaur warrior shouts!
You hear a horrible gurgling sound! x2
The teleport trap disappears.
The spriggan disappears!
A white ugly thing comes into view.
The centaur warrior unwields a +0 great sword.
The centaur warrior wields a +0 orcbow.
The centaur warrior shoots an arrow.
The arrow hits you but does no damage.
The troll moves out of view.
You hear a horrible gurgling sound! x2; The fire dragon roars deafeningly!
You hear a horrible gurgling sound! x2; You hear a shout!
The centaur warrior shoots an arrow.
The arrow hits you!!
Casting: Summon Cactus Giant (dangerous; 5% risk of failure)
Confirm with . or Enter, or press ? or * to list all spells.
The centaur warrior shoots an arrow.
The arrow hits your cactus giant!!
The centaur warrior shoots an arrow.
The arrow hits your cactus giant!!
The centaur warrior shoots an arrow.
The arrow hits your cactus giant!
Casting: Summon Cactus Giant (dangerous; 5% risk of failure)
Confirm with . or Enter, or press ? or * to list all spells.
Your cactus giant disappears in a puff of smoke!
The centaur warrior shoots an arrow.
The arrow hits your cactus giant!!
Your cactus giant barely misses the centaur warrior.
The centaur warrior shoots an arrow.
The arrow hits your cactus giant.
The centaur warrior shoots an arrow.
The arrow hits your cactus giant!!
The centaur warrior shoots an arrow.
The arrow hits your cactus giant!!
The centaur warrior shoots an arrow.
The arrow hits your cactus giant!!
Your cactus giant is destroyed!
Your cactus giant disappears in a puff of smoke!
The centaur warrior shoots an arrow.
The arrow hits you but does no damage.
The centaur warrior shoots an arrow.
The arrow hits you!
Aiming: Minor Destruction (0% risk of failure)
Press: ? - help, Shift-Dir - straight line, f - centaur warrior
Aim: a centaur warrior, wielding a +0 orcbow The glob of acid hits the centaur warrior!
The centaur warrior is lightly wounded.
The centaur warrior shoots an arrow.
The arrow hits you!!
The centaur warrior shoots an arrow.
The arrow hits you!!
Aiming: Minor Destruction (0% risk of failure)
Press: ? - help, Shift-Dir - straight line, f/p - centaur warrior
Aim: a centaur warrior, wielding a +0 orcbow (lightly wounded)
The zap hits the centaur warrior.
The centaur warrior is lightly wounded.
The zap hits the centaur warrior.
The centaur warrior is moderately wounded.
The centaur warrior shoots an arrow.
The arrow hits you!
You hear a shout!
Casting: Summon Cactus Giant (dangerous; 5% risk of failure)
Confirm with . or Enter, or press ? or * to list all spells.
You hear a horrible gurgling sound! x2
The centaur warrior shoots an arrow.
The arrow hits you!!
* * * LOW HITPOINT WARNING * * *
The centaur warrior shoots an arrow.
The arrow hits you!
* * * LOW HITPOINT WARNING * * *
Unknown command.
Unknown command.
As you read the scroll of fear, it crumbles to dust.
You assume a fearsome visage.
The centaur warrior looks frightened!
Unknown command.
You swap places.
The centaur warrior howls, "Help!"
Cornered, the centaur warrior turns to fight!
The centaur warrior shoots an arrow.
The arrow hits your cactus giant!
You hear a shout!
Unknown command.
You hear a horrible gurgling sound! x3; You hear a bellow!
The centaur warrior unwields a +0 orcbow.
The centaur warrior wields a +0 great sword.
The centaur warrior is struck by your cactus giant's spines.
The centaur warrior hits your cactus giant with a +0 great sword!!
The centaur warrior kicks your cactus giant.
Your cactus giant hits the centaur warrior with a +0 giant spiked club!!
The centaur warrior unwields a +0 great sword.
The centaur warrior wields a +0 orcbow.
The centaur warrior shoots an arrow.
The arrow barely misses your cactus giant.
The arrow hits you!
* * * LOW HITPOINT WARNING * * *
The centaur warrior shoots an arrow.
The arrow hits your cactus giant!!
The centaur warrior shoots an arrow.
The arrow hits your cactus giant!!
Unknown command.
As you read the scroll of fog, it dissolves into smoke.
Unknown command.
Unknown command.
As you read the scroll of teleportation, it crumbles to dust.
You feel strangely unstable.
Unknown command.
Your surroundings suddenly seem different.
A yaktaur captain, 2 yaktaurs, a centaur warrior simulacrum and a raiju come into view.
Found a gate to the Vaults.
As you read the scroll of teleportation, it crumbles to dust.
You feel strangely unstable.
The raiju barks!
The yaktaur shouts!
The yaktaur wields a +0 arbalest.
The yaktaur shoots a bolt.
The bolt hits you!
* * * LOW HITPOINT WARNING * * *
The yaktaur barely misses you.
The yaktaur captain hits you but does no damage.
Unknown command.
The yaktaur wields a +0 arbalest.
The yaktaur shoots a bolt.
The bolt hits you!
You die...

#.# ##.##
##D..## #.
§.....# #.
##...## ..
##.##
#####. #.#
#.....####
#.#
#........#
#.#
#....Z.c@#
#.#
#........#
.#
#.....c..#
#.#.#..h...
.. #∩c....#
#. ###....#
.....#
#....#
.....#


You could see a yaktaur captain, 2 yaktaurs, a raiju and a centaur warrior
simulacrum.

Vanquished Creatures
  Azrael (D:12)
  A fire dragon (D:14)
  2 hydras
  3 centaur warriors
  2 two-headed ogres (D:10)
  2 death yaks
  A deep elf knight (D:13)
  2 hell knights (D:9)
  A fire crab (Lair:5)
  A sea snake (Lair:5)
  A deep elf pyromancer (D:14)
  4 manticores
  6 elephants
  3 meliai
  A cyclops (D:13)
  A water nymph (Lair:2)
  2 black mambas
  3 komodo dragons
  6 cane toads
  4 rime drakes
  8 nameless horrors
  Psyche (D:9)
  4 trolls
  2 wind drakes (Lair:5)
  A queen bee (Lair:3)
  8 blink frogs (Lair:3)
  A hornet (D:11)
  A shadow (D:12)
  A wraith (D:12)
  6 wyverns
  3 fire bats (D:9)
  2 fire elementals (D:12)
  A vampire (D:13)
  15 yaks
  A vampire mosquito (D:13)
  3 basilisks
  A steam dragon (D:11)
  A naga (Lair:3)
  An acid dragon (D:11)
  A swamp worm (shapeshifter) (D:12)
  12 water moccasins
  A hell hound (D:12)
  5 orc warriors
  4 sky beasts
  3 wolves
  5 centaurs
  A phantom (D:6)
  4 kobold brigands
  A lemure (D:4)
  A scorpion (D:5)
  6 bullfrogs
  7 gnoll sergeants
  9 wights
  16 killer bees
  A bombardier beetle (D:6)
  4 howler monkeys
  3 orc priests
  2 hounds (D:4)
  A gnoll bouda (D:5)
  3 hell rats (Lair:5)
  An iguana (D:5)
  6 orc wizards
  An adder (D:6)
  13 gnolls
  2 white imps
  A dart slug (D:1)
  2 ribbon worms (D:2)
  28 orcs
  6 endoplasms
  5 giant cockroaches
  6 goblins
  5 hobgoblins
  13 kobolds
  4 quokkas
  3 ball pythons
  5 bats
  2 frilled lizards
  9 rats
310 creatures vanquished.

Vanquished Creatures (collateral kills)
  Gastronok (Lair:2)
  A dire elephant (Lair:5)
  Fannar (D:10)
  4 hydras
  Erolcha (D:10)
  4 two-headed ogres
  A merfolk avatar (Lair:5)
  15 death yaks
  6 skysharks
  A sea snake (Lair:5)
  A spectral hydra (Lair:5)
  Pikel (D:4)
  3 ugly things (D:13)
  2 manticores
  15 elephants
  4 black mambas
  A torpor snail (Lair:4)
  6 gargoyles
  6 komodo dragons
  7 cane toads
  2 rime drakes
  An efreet (D:14)
  The ghost of Wankojul the Covert, a novice SpDe (Lair:5)
  A troll (D:13)
  3 blink frogs (Lair:3)
  A culicivora (shapeshifter) (D:14)
  20 yaks
  3 vampires
  3 fire bats (D:9)
  A spectral komodo dragon (Lair:5)
  5 wyverns
  A basilisk (Lair:4)
  3 fire elementals (D:12)
  5 steam dragons
  A catoblepas simulacrum (Lair:5)
  6 vampire mosquitoes
  13 water moccasins
  2 acid dragons (D:10)
  2 hell hounds (D:12)
  7 orc warriors
  A sky beast (D:11)
  5 ogres
  A black bear (Lair:3)
  A black mamba simulacrum (Lair:5)
  6 wolves
  9 centaurs
  A lemure (D:4)
  3 kobold brigands
  6 bullfrogs
  5 gnoll sergeants
  A cane toad simulacrum (Lair:5)
  5 wights (D:9)
  A dream sheep simulacrum (Lair:5)
  5 killer bees (D:9)
  5 nameless horrors
  A bombardier beetle (D:5)
  6 orc priests
  2 hounds
  2 jellies
  A gnoll bouda (D:7)
  A sleepcap (D:6)
  2 iguanas
  Ijyb (D:3)
  7 orc wizards
  4 hell rats (Lair:5)
  12 gnolls
  2 white imps
  19 orcs
  2 endoplasms
  5 kobolds
  A quokka (D:2)
  2 ball pythons (D:4)
  A bat (D:2)
  A frilled lizard (D:1)
  A rat (D:1)
290 creatures vanquished.

Grand Total: 600 creatures vanquished

Notes
Turn   | Place    | Note
-------+----------+-------------------------------------------
     0 | D:1      | Flugkiller the Mummy Wanderer began the quest for the Orb.
     0 | D:1      | Flugkiller set off with the following items: a +0 club, a
                  | scroll of fear, a +0 leather armour, a scroll of fog, a
                  | scroll of teleportation; and the following spell memorised:
                  | Summon Small Mammal; and the following spells available to
                  | memorise: Summon Ice Beast, Summon Lightning Spire.
     0 | D:1      | Reached XP level 1. HP: 16/16 MP: 4/4
   146 | D:1      | Reached skill level 1 in Stealth
   174 | D:1      | Found a faded altar of an unknown god.
   241 | D:1      | Reached XP level 2. HP: 20/22 MP: 3/5
   474 | D:1      | Reached XP level 3. HP: 27/27 MP: 5/7
  1177 | D:2      | Reached XP level 4. HP: 33/33 MP: 0/9
  1912 | D:3      | Noticed Ijyb
  1980 | D:3      | Found a hide-covered altar of Uskayaw.
  1982 | D:3      | Got Sif Muna's Anthology of the Sun
  1983 | D:3      | Found an ornate altar of the Wu Jian Council.
  1985 | D:3      | Found a shimmering altar of Xom.
  1985 | D:3      | Found a basalt altar of Yredelemnul.
  1985 | D:3      | Found a stormy altar of Qazlal.
  2015 | D:3      | Found a broken altar of Ashenzari.
  2015 | D:3      | Found a bloodstained altar of Trog.
  2015 | D:3      | Found a burning altar of Makhleb.
  2033 | D:3      | Became a worshipper of Makhleb the Destroyer
  2114 | D:3      | Found a runed translucent door.
  2115 | D:3      | Noticed Crazy Yiuf
  2274 | D:2      | Learned a level 3 spell: Summon Ice Beast
  3014 | D:4      | Reached XP level 5. HP: 25/39 MP: 8/11
  3059 | D:4      | Reached skill level 1 in Ice Magic
  3099 | D:4      | Noticed a lemure
  3131 | D:4      | Killed a lemure
  3194 | D:4      | Noticed a lemure
  3194 | D:4      | Noticed a lemure
  3194 | D:4      | Noticed Pikel
  3618 | D:4      | Noticed an ogre
  3643 | D:4      | Killed an ogre
  3644 | D:4      | Reached skill level 5 in Spellcasting
  3644 | D:4      | Reached XP level 6. HP: 35/47 MP: 2/13
  4315 | D:5      | Entered Level 5 of the Dungeon
  4525 | D:5      | Reached * piety under Makhleb
  4526 | D:5      | Reached skill level 5 in Summonings
  4526 | D:5      | Reached XP level 7. HP: 52/52 MP: 10/14
  4608 | D:5      | Found an iron altar of Okawaru.
  5125 | D:5      | Found a staircase to the Ecumenical Temple.
  5247 | D:6      | Reached skill level 1 in Invocations
  5383 | D:6      | Found Tadi's Distillery.
  5394 | D:6      | Reached ** piety under Makhleb
  5819 | D:6      | Reached XP level 8. HP: 22/60 MP: 13/15
  6234 | D:6      | Learned a level 4 spell: Summon Lightning Spire
  6998 | D:7      | Reached *** piety under Makhleb
  7248 | D:7      | Reached XP level 9. HP: 57/65 MP: 17/20
  7417 | D:8      | Identified the storm talisman of the Hecatoncheires {rF+
                  | rCorr Str+3}
  8123 | D:9      | Noticed Psyche
  8286 | D:9      | Reached skill level 1 in Air Magic
  8362 | D:9      | Noticed a two-headed ogre
  8375 | D:9      | Reached **** piety under Makhleb
  8545 | D:9      | Found a shadowy altar of Dithmenos.
  8618 | D:9      | Killed a two-headed ogre
  8619 | D:9      | Reached skill level 5 in Fighting
  8700 | D:9      | Reached XP level 10. HP: 69/74 MP: 17/22
  8762 | D:9      | Reached skill level 5 in Invocations
  9236 | D:10     | Entered Level 10 of the Dungeon
  9371 | D:10     | Noticed a two-headed ogre
  9378 | D:10     | Reached skill level 1 in Polearms
  9389 | D:10     | Killed a two-headed ogre
  9664 | D:10     | Noticed Erolcha
  9794 | D:10     | Killed Erolcha
  9802 | D:10     | Noticed Fannar
  9816 | D:10     | Killed Fannar
  9817 | D:10     | Reached skill level 10 in Spellcasting
  9944 | D:10     | Learned a level 6 spell: Summon Cactus Giant
 10006 | D:10     | Reached XP level 11. HP: 69/81 MP: 19/25
 10034 | D:10     | Noticed a two-headed ogre
 10044 | D:10     | Killed a two-headed ogre
 10071 | D:10     | Reached skill level 1 in Armour
 10110 | D:10     | Noticed a centaur warrior
 10120 | D:10     | Killed a centaur warrior
 10315 | D:10     | Found a snail-covered altar of Cheibriados.
 10315 | D:10     | Noticed a two-headed ogre
 10348 | D:10     | Killed a two-headed ogre
 10375 | D:10     | Found a shimmering blue altar of Sif Muna.
 10581 | D:10     | Found a staircase to the Lair.
 10853 | Lair:1   | Entered Level 1 of the Lair of Beasts
 10874 | Lair:1   | Reached skill level 5 in Polearms
 11089 | Lair:1   | Reached ***** piety under Makhleb
 11736 | Lair:1   | Reached XP level 12. HP: 41/92 MP: 8/26
 12368 | Lair:2   | Noticed Gastronok
 12382 | Lair:2   | Killed Gastronok
 12383 | Lair:2   | Reached skill level 10 in Summonings
 12740 | Lair:2   | Identified the +4 war axe "Huoball" {venom, rF++ Dex+2}
 12976 | Lair:3   | Found a staircase to the Snake Pit.
 13357 | Lair:3   | Noticed a nameless horror
 13483 | Lair:3   | Noticed a six-headed hydra
 13492 | Lair:3   | Killed a six-headed hydra
 13626 | Lair:3   | Killed a nameless horror
 14144 | Lair:4   | Gained mutation: You are strongly in touch with the powers
                  | of death. [Mummy growth]
 14144 | Lair:4   | Reached XP level 13. HP: 98/98 MP: 21/28
 14218 | Lair:4   | Reached ****** piety under Makhleb
 14785 | Lair:3   | Found a staircase to the Snake Pit.
 15563 | Lair:3   | Reached skill level 10 in Invocations
 15774 | Lair:4   | Reached skill level 5 in Armour
 16646 | Lair:5   | Entered Level 5 of the Lair of Beasts
 17047 | Lair:5   | Reached skill level 10 in Fighting
 17149 | Lair:5   | Reached XP level 14. HP: 95/110 MP: 26/29
 17664 | Lair:5   | Found a staircase to the Slime Pits.
 17704 | Lair:5   | Found a runed translucent gate.
 17705 | Lair:5   | Found a runed translucent gate.
 17706 | Lair:5   | Found a runed translucent gate.
 17713 | Lair:5   | Noticed Wankojul's ghost (novice SpDe)
 17827 | Lair:5   | Reached skill level 1 in Conjurations
 18289 | Lair:5   | Identified the +0 scale mail of Reason {Dex+3}
 18651 | Lair:5   | Killed Wankojul's ghost
 18663 | Lair:5   | Identified the staff "Omelette" {rF+ Will+ Earth}
 18973 | D:3      | Killed Ijyb
 19584 | D:4      | Killed Pikel
 20004 | D:9      | Killed Psyche
 20899 | D:9      | Found a candlelit altar of Ignis.
 21572 | D:11     | Found a staircase to the Orcish Mines.
 21831 | D:11     | Reached XP level 15. HP: 107/115 MP: 27/31
 22320 | D:12     | Noticed Azrael
 22349 | D:12     | Killed Azrael
 22641 | D:12     | Learned a level 7 spell: Spellforged Servitor
 23096 | D:13     | Found Piub's Magic Scroll Emporium.
 23123 | D:13     | Reached skill level 5 in Conjurations
 23220 | D:13     | Found Uprifuce's Assorted Antiques.
 23477 | D:13     | Found Vupho's General Store.
 24142 | D:14     | HP: 5/115 [centaur warrior/arrow (12)]
 24147 | D:14     | Found a gate to the Vaults.
 24148 | D:14     | HP: 1/115 [yaktaur/bolt (11)]
 24149 | D:14     | Shot with a bolt by a yaktaur

Illustrated notes

Levels and vault maps discovered:
D:1:      dpeg_arrival_solitude, layout_loops_corners,
          ebering_ecumenical_altar_webs
D:2:      layout_loops_ring
D:3:      layout_rooms, nicolae_overflows_in_rows, wad_floor_pattern_untrapped,
          minmay_cupped, uniq_ijyb, uniq_crazy_yiuf_cottage
D:4:      layout_cave_pods, cheibrodos_gnoll_hut, uniq_pikel
D:5:      layout_basic, mainiacjoe_overflow_tiny_flanked,
          mainiacjoe_overflow_alcove_1, temple_statues
D:6:      layout_basic, nicolae_take_the_stairs
D:7:      layout_cave_pools, nicolae_tricolors
D:8:      layout_basic
D:9:      regret_index_infernal_bastille, layout_grid_maze,
          grunt_dithmenos_smoke, uniq_psyche
D:10:     layout_small_grid, jmf_multi_god_temple, lair_entry_dummy,
          grunt_ministairs_2, kennysheep_kite_vault, uniq_fannar, uniq_erolcha
D:11:     layout_basic, kennysheep_orc_monster_closet_entryway, minivault_1,
          grunt_ministairs_4, hangedman_misty_isle
D:12:     kennysheep_funnel, layout_loops_cross, uniq_azrael
D:13:     layout_rooms, serial_shops, shop, shop,
          nicolae_shop_overgrown_old_shop
D:14:     minmay_wizard_corner, layout_loops_ring, david_vaults_2,
          minmay_misc_feat_ornament, minmay_circle_x, uniq_frances
Lair:1:   layout_gridlike, grunt_megastairs_1, infiniplex_staircase_pool_2
Lair:2:   layout_misc_corridors, nicolae_shoals_entry_flooding,
          lemuel_fruit_fields, uniq_gastronok
Lair:3:   layout_cave_pods, guppyfry_snake_entry_island
Lair:4:   layout_cave_pods, special_room [special_room_bee]
Lair:5:   gammafunk_lair_ancient_temple, layout_regular_city, slime_entry_1,
          gammafunk_ghost_necromancy, lookout_lair_type

Skill      XL: |  1  2  3  4  5  6  7  8  9 10 11 12 13 14 15 |
---------------+----------------------------------------------+-----
Stealth        | 1 2 |  2.0
Summonings     | 3 5 6 8 9 12 13 | 13.0
Spellcasting   | 3 4 5 7 8 10 11 12 13 | 13.9
Ice Magic      | 1 |  1.0
Fighting       | 3 4 5 6 8 10 | 10.0
Invocations    | 2 4 6 7 8 10 12 | 12.0
Air Magic      | 2 |  2.0
Polearms       | 3 6 |  6.0
Armour         | 4 6 |  6.0
Conjurations   | 4 6 |  6.0
Unarmed Combat | |  2.4

Action                     |  1- 3 |  4- 6 |  7- 9 | 10-12 | 13-15 || total
---------------------------+-------+-------+-------+-------+-------++-------
  Melee: Unarmed           |    69 |     7 |       |       |       ||    76
         Punch             |     1 |     4 |     5 |    15 |    44 ||    69
         Dagger            |       |   134 |   172 |     4 |       ||   310
         Trident           |       |       |       |   203 |   316 ||   519
         War axe           |       |       |       |       |    27 ||    27
  Throw: Dart              |       |       |       |     1 |     1 ||     2
   Cast: Summon Small Mamm |    39 |    36 |     6 |     6 |     4 ||    91
         Summon Ice Beast  |       |    13 |    44 |    61 |    11 ||   129
         Summon Lightning  |       |       |     3 |    53 |     8 ||    64
         Summon Cactus Gia |       |       |       |     7 |   118 ||   125
 Invoke: Minor Destruction |       |       |   134 |   173 |   369 ||   676
         Lesser Servant of |       |       |     2 |     8 |     5 ||    15
         Greater Servant o |       |       |       |       |     3 ||     3
         Major Destruction |       |       |       |       |     7 ||     7
  Evoke: Wand              |       |       |     2 |     1 |     1 ||     4
    Use: Scroll            |       |     2 |     5 |     7 |    10 ||    24
   Stab: Sleeping          |     1 |       |       |       |       ||     1
         Distracted        |       |       |     1 |     7 |     5 ||    13
 Armour: Leather armour    |    31 |    83 |   219 |    69 |       ||   402
         Acid dragon scale |       |       |       |   271 |   889 ||  1160
         Robe              |       |       |       |     3 |       ||     3
  Dodge: Dodged            |    41 |   114 |   137 |   175 |   385 ||   852

Table legend: (Time is in decaauts)
 A = Elapsed time spent in this place.
 B = Non-inter-level travel time spent in this place.
 C = Inter-level travel time spent in this place.
 D = Time resting spent in this place.
 E = Time spent auto-exploring this place.
 F = Levels seen in this place.
 G = Mean time per level.
                   A        B        C        D        E       F      G
               +--------+--------+--------+--------+--------+-----+--------+
         Total |  24307 |  22654 |   1653 |   4151 |  11693 |  19 | 1279.3 |
       Dungeon |  16245 |  14912 |   1333 |   2462 |   7857 |  14 | 1160.4 |
          Lair |   8061 |   7741 |    320 |   1688 |   3835 |   5 | 1612.2 |
               +--------+--------+--------+--------+--------+-----+--------+

Top non-repeatable levels by time:
     D:9: 3035 daAuts
  Lair:3: 2380 daAuts
     D:4: 2077 daAuts
  Lair:5: 1889 daAuts
     D:6: 1694 daAuts
  Lair:4: 1631 daAuts
  Lair:1: 1418 daAuts
    D:12: 1155 daAuts
     D:3: 1152 daAuts
    D:10: 1151 daAuts
     D:2: 1118 daAuts
     D:1: 932 daAuts
     D:5: 931 daAuts
  Lair:2: 741 daAuts
    D:11: 725 daAuts
